 Dungeon Crawl Stone Soup version 0.30-a0-373-gd37427bb62 (webtiles) character file.

Game seed: 13888799654225968504

1736 qeuew the Jinx (level 8, -1/31 HPs)
             Began as a Felid Enchanter on Nov 23, 2022.
             Was a Believer of Dithmenos.
             Slain by a gnoll bouda
             ... wielding a +0 whip
              (3 damage)
             ... on level 9 of the Dungeon.
             The game lasted 00:22:02 (9031 turns).

qeuew the Jinx (Felid Enchanter)                    Turns: 9031, Time: 00:22:03

Health: -1/31      AC:  6    Str:  8    XL:     8   Next: 76%
Magic:  19/19      EV: 24    Int: 17    God:    Dithmenos [**....]
Gold:   790        SH:  0    Dex: 19    Spells: 9/20 levels left
                                        Lives:  0   Deaths: 3

rFire   + . .      SeeInvis +      - Unarmed
rCold   . . .      Faith    .    (shield unavailable)
rNeg    . . .      Spirit   .    (body armour unavailable)
rPois   .          Reflect  .    (helmet unavailable)
rElec   .          Harm     .    (cloak unavailable)
rCorr   .          Rampage  .    (gloves unavailable)
Will    +....                    (boots unavailable)
Stlth   ++++++++..               (no amulet)
HPRegen 0.25/turn                c - +4 ring of protection
MPRegen 0.16/turn                j - ring of protection from fire

@: weakened, wreathed by umbra, quick
A: very small, claws 1, fangs 3, see invisible, speed 1, shaggy fur 2, stealthy
paws, no weapons or thrown items, no armour, multi-lived, camouflage 1, strong 1
a: Renounce Religion, Shadow Step


You were on level 9 of the Dungeon.
You worshipped Dithmenos.
Dithmenos was pleased with you.
You visited 3 branches of the dungeon, and saw 11 of its levels.
You also visited: Bailey.

You collected 790 gold pieces.

Inventory:

Jewellery
 c - a +4 ring of protection (left paw)
 j - a ring of protection from fire (right paw)
Wands
 i - a wand of polymorph (4)
 o - a wand of mindburst (11)
 p - a wand of charming (9)
Scrolls
 e - a scroll of fear
 f - 2 scrolls of magic mapping
 g - a scroll of blinking
 k - 2 scrolls of teleportation
 n - a scroll of identify
Potions
 a - a potion of invisibility
 b - a potion of cancellation
 d - 2 potions of magic
 h - 7 potions of flight
 m - 2 potions of curing
Miscellaneous
 l - a lightning rod (4/4)


   Skills:
 * Level 9.6 Dodging
 * Level 10.9 Stealth
 + Level 5.0 Unarmed Combat
 * Level 6.8 Spellcasting
 * Level 10.9 Hexes
 + Level 3.0 Invocations
 + Level 3.3 Evocations


You had 9 spell levels left.
You knew the following spells:

 Your Spells              Type           Power      Damage    Failure   Level
a - Ensorcelled Hibernat  Hex/Ice        48%        N/A       1%          2
b - Confusing Touch       Hex            42%        N/A       1%          3
c - Tukima's Dance        Hex            42%        N/A       1%          3
d - Dazzling Flash        Conj/Hex       48%        N/A       3%          3

Your spell library contained the following spells:

 Spells                   Type           Power      Damage    Failure   Level
 Foxfire                  Conj/Fire      20%        2x1d5     12%         1
 Cigotuvi's Dreadful Rot  Necr/Pois/Air  10%        N/A       19%         2
 Passwall                 Tmut/Erth      4%         N/A       19%         2
 Stone Arrow              Conj/Erth      10%        3d7       34%         3
 Swiftness                Air            5%         N/A       34%         3
 Silence                  Hex/Air        12%        N/A       34%         5
 Dispel Undead            Necr           5%         3d7       75%         4
 Passage of Golubria      Tloc           5%         N/A       75%         4
 Fireball                 Conj/Fire      2%         3d4       97%         5
 Death Channel            Necr           2%         N/A       100%        6
 Starburst                Conj/Fire      2%         6d3       100%        6
 Lehudib's Crystal Spear  Conj/Erth      2%         10d2      100%        8
 Animate Armour           Summ/Erth      Unusable   N/A       N/A         4

Dungeon Overview and Level Annotations

Branches:
Dungeon (9/15)             Temple (1/1) D:6            Lair (1/5) D:8
 Bailey (visited)
    Orc: D:9-12

Altars:
Ashenzari
Dithmenos
Elyvilon
Fedhas
Gozag
Kikubaaqudgha
Nemelex Xobeh
Okawaru
Qazlal
Ru
Sif Muna
Trog
Uskayaw
Wu Jian
Xom
Yredelemnul
Zin
The Shining One

Shops:
D:1 *   D:6 !   D:7 *


Innate Abilities, Weirdness & Mutations

You have sharp claws.
You have razor-sharp teeth.
You have supernaturally acute eyesight. (SInv)
You cover ground quickly. (Speed+)
You are covered in thick fur. (AC +2)
Your paws help you pounce on unaware monsters.
You are incapable of wielding weapons or throwing items.
You cannot wear armour.
You gain extra lives every three experience levels.
Your skin changes colour to match your surroundings (Stealth+).
Your muscles are strong. (Str +4, Int/Dex -1)


Message History

The gnoll barely misses you. The gnoll completely misses you.
The orc priest closely misses you. The orc warrior misses you.
You scratch the gnoll. You claw the gnoll.
The gnoll is severely wounded.
The gnoll bouda completely misses you. The gnoll completely misses you.
The gnoll closely misses you. The gnoll misses you.
The gnoll completely misses you. The orc warrior completely misses you.
The gnoll misses you. The orc priest barely misses you.
Unknown command.
You barely miss the gnoll.
The gnoll is severely wounded.
The orc warrior closely misses you.
The gnoll bouda gazes fiercely through you!
You feel your attacks grow feeble.
The gnoll bouda hits you but does no damage.
The gnoll completely misses you. x2; The gnoll misses you.
The orc priest misses you. The gnoll completely misses you.
You scratch the gnoll but do no damage.
The gnoll is severely wounded.
The orc warrior misses you. The gnoll bouda barely misses you.
The gnoll misses you. x2; The gnoll completely misses you. x3
The orc priest misses you.
Unknown command.
You scratch the gnoll.
You kill the gnoll!
Dithmenos accepts your kill. The orc warrior closely misses you.
The gnoll bouda barks out a call to the hunt!
The gnolls pick up the pace!
The gnoll misses you. The gnoll closely misses you.
The orc priest casts a cantrip, but nothing happens.
The gnoll hits you with a +0 whip.
* * * LOW HITPOINT WARNING * * *
Things that are here:
a +0 club; a gnoll corpse Unknown command.
You scratch the orc warrior but do no damage.
The orc warrior completely misses you.
The gnoll bouda hits you with a +0 whip.
You die...

.............##......#
#...
........#######......#
##.# ######.##
####+### #..# #..#
#.## #.## ##+########
#.# .. #.........# #.#
#+# #.........###
##.## #...go...<'.###
#.... #..o@.....#...#
#.... #...gg....###.#
#.... ...'..gg....<#
#.###....
####.........#
#...#.... #.........#
###...... #####'#####
###.>.. #.# ##### ..#


You could see an orc warrior, a gnoll bouda, an orc priest and 4 gnolls.

Vanquished Creatures
  A cane toad (Lair:1)
  A komodo dragon (Lair:1)
  4 yaks (D:8)
  4 wyverns (D:8)
  A basilisk (D:8)
  4 water moccasins
  2 ice beasts (D:6)
  2 black bears
  7 orc warriors (Bailey)
  2 sky beasts (D:7)
  An ogre (D:5)
  4 centaurs
  3 kobold brigands
  A bullfrog (D:7)
  4 scorpions
  A necrophage (D:5)
  2 wights (D:8)
  2 howler monkeys
  4 hounds
  4 orc priests
  A gnoll bouda (D:8)
  3 jellies
  3 iguanas
  4 orc wizards
  9 gnolls
  9 adders
  2 shadow imps
  2 white imps
  2 ufetubi
  2 worms
  5 dart slugs
  34 orcs
  10 ball pythons
  3 endoplasms
  3 giant cockroaches
  15 goblins
  9 hobgoblins
  5 jackals (D:2)
  10 quokkas
  6 bats
  3 frilled lizards (D:1)
  29 kobolds
  4 rats
227 creatures vanquished.

Vanquished Creatures (collateral kills)
  3 wights (D:8)
3 creatures vanquished.

Vanquished Creatures (others)
  2 fungi (D:8)
  17 plants
19 creatures vanquished.

Grand Total: 249 creatures vanquished

Notes
Turn   | Place    | Note
-------+----------+-------------------------------------------
     0 | D:1      | qeuew the Felid Enchanter began the quest for the Orb.
     0 | D:1      | Reached XP level 1. HP: 7/7 MP: 4/4
   101 | D:1      | Reached XP level 2. HP: 4/11 MP: 6/6
   153 | D:1      | Learned a level 2 spell: Ensorcelled Hibernation
   540 | D:1      | Found Seosaxes's Assorted Antiques.
   724 | D:1      | Reached XP level 3. HP: 14/14 MP: 7/7
   979 | D:2      | Reached skill level 5 in Hexes
  1129 | D:2      | Reached XP level 4. HP: 10/18 MP: 0/8
  1414 | D:2      | Found a blossoming altar of Fedhas.
  1840 | D:2      | Learned a level 3 spell: Confusing Touch
  1844 | D:2      | Learned a level 3 spell: Tukima's Dance
  1849 | D:2      | Gained mutation: Your muscles are strong. (Str +4, Int/Dex
                  | -1) [potion of mutation]
  1849 | D:2      | Gained mutation: Your skin changes colour to match your
                  | surroundings (Stealth+). [potion of mutation]
  1892 | D:3      | Reached skill level 5 in Stealth
  2668 | D:4      | Slain by a white imp
  2669 | D:4      | Reached XP level 3. HP: 0/14 MP: 8/8
  2700 | D:4      | Reached XP level 4. HP: 18/18 MP: 9/9
  3549 | D:5      | Entered Level 5 of the Dungeon
  3579 | D:5      | Found an ancient bone altar of Kikubaaqudgha.
  3837 | D:5      | Noticed a scorpion
  3843 | D:5      | Killed a scorpion
  3844 | D:5      | Reached XP level 5. HP: 21/21 MP: 10/10
  3887 | D:5      | Identified the +6 short sword of Conformity {vorpal, rElec}
  3898 | D:5      | Gained mutation: You are covered in thick fur. (AC +2)
                  | [Felid growth]
  3898 | D:5      | Reached XP level 6. HP: 12/24 MP: 3/12
  3918 | D:5      | HP: 1/24 [orc/+0 mace (5)]
  4216 | D:5      | Reached skill level 5 in Dodging
  4554 | D:5      | Reached XP level 7. HP: 27/27 MP: 10/13
  5338 | D:6      | Reached XP level 8. HP: 25/31 MP: 5/15
  5588 | D:6      | Found a staircase to the Ecumenical Temple.
  5674 | Temple   | Entered the Ecumenical Temple
  5816 | Temple   | Became a worshipper of Dithmenos the Shadowed
  5906 | D:6      | Found Matew's Distillery.
  6295 | D:7      | Reached skill level 5 in Spellcasting
  6369 | D:7      | Learned a level 3 spell: Dazzling Flash
  6376 | D:7      | Found a glowing silver altar of Zin.
  6635 | D:7      | Found Gozag's Platinum Reserve.
  6635 | D:7      | Found an opulent altar of Gozag.
  6692 | D:7      | Reached skill level 1 in Evocations
  7015 | D:8      | Reached XP level 9. HP: 30/34 MP: 12/18
  7044 | D:8      | Found a flagged portal.
  7060 | Bailey   | Entered a bailey
  7129 | Bailey   | Reached skill level 1 in Invocations
  7358 | Bailey   | Reached * piety under Dithmenos
  7844 | D:8      | Reached skill level 10 in Stealth
  7844 | D:8      | Reached skill level 10 in Hexes
  7890 | D:8      | Found a staircase to the Lair.
  7954 | D:8      | Reached XP level 10. HP: 9/37 MP: 9/20
  8028 | D:8      | Reached ** piety under Dithmenos
  8085 | D:8      | Mangled by a yak
  8086 | D:8      | Reached XP level 9. HP: -8/34 MP: 1/19
  8732 | Lair:1   | Entered Level 1 of the Lair of Beasts
  8743 | Lair:1   | Noticed a komodo dragon
  8764 | Lair:1   | Killed a komodo dragon
  8765 | Lair:1   | Reached skill level 5 in Unarmed Combat
  8834 | Lair:1   | Noticed a cane toad
  8841 | Lair:1   | Killed a cane toad
  8850 | Lair:1   | Noticed a black mamba
  8902 | D:9      | Killed from afar by an orc priest
  8903 | D:9      | Reached XP level 8. HP: -1/31 MP: 18/19
  9031 | D:9      | Slain by a gnoll bouda

Illustrated notes

Levels and vault maps discovered:
D:1:      dpeg_arrival_pits, layout_basic, serial_shops,
          nicolae_shop_temple_entry_statues_fountains
D:2:      layout_basic, basic_altar, minmay_randomly_rotated_circles
D:3:      layout_rooms, minmay_misc_feat_alley
D:4:      layout_layer_cave
D:5:      layout_basic, mainiacjoe_overflow_brackets, minmay_misc_feat_x,
          minmay_strange_pillars, kennysheep_dice
D:6:      layout_loops_ring, temple_fountains, serial_shops,
          nicolae_take_the_stairs
D:7:      layout_rooms, kennysheep_little_box, nicolae_gozag_zags_fifth_avenue
D:8:      layout_basic, minmay_lair_entry_grove, enter_bailey_4
D:9:      layout_roguey
Temple:   dpeg_five_rooms_temple
Lair:1:   layout_regular_city, grunt_megastairs_5, uniq_gastronok

Skill      XL: |  1  2  3  4  5  6  7  8  9 10 |
---------------+-------------------------------+-----
Dodging        | 3 4 5 6 7 9 |  9.6
Hexes          | 5 6 7 9 10 | 10.9
Stealth        | 5 6 7 8 10 | 10.9
Unarmed Combat | 2 3 4 5 |  5.0
Spellcasting   | 3 4 5 6 |  6.8
Evocations     | 1 2 3 |  3.3
Invocations    | 3 |  3.0

Action                   |  1- 3 |  4- 6 |  7- 9 | 10-12 || total
-------------------------+-------+-------+-------+-------++-------
Melee: Unarmed           |    95 |   273 |   309 |    34 ||   711
       Bite              |    12 |    22 |    48 |     2 ||    84
       Punch             |     2 |     5 |    12 |     1 ||    20
 Cast: Ensorcelled Hiber |     8 |    20 |    86 |    14 ||   128
       Confusing Touch   |       |     1 |     2 |       ||     3
       Tukima's Dance    |       |       |     6 |       ||     6
  Use: Scroll            |     3 |     8 |     6 |       ||    17
       Potion            |     1 |     5 |     2 |       ||     8
 Stab: Sleeping          |    19 |    24 |    53 |     7 ||   103
       Distracted        |       |     4 |     1 |       ||     5
       Confused          |       |     1 |     4 |       ||     5
       Invisible         |       |     6 |     4 |       ||    10
Armor: Skin              |    13 |    49 |    38 |     4 ||   104
Dodge: Dodged            |    96 |   230 |   410 |    35 ||   771

Table legend: (Time is in decaauts)
 A = Elapsed time spent in this place.
 B = Non-inter-level travel time spent in this place.
 C = Inter-level travel time spent in this place.
 D = Time resting spent in this place.
 E = Time spent auto-exploring this place.
 F = Levels seen in this place.
 G = Mean time per level.
                   A        B        C        D        E       F      G
               +--------+--------+--------+--------+--------+-----+--------+
         Total |   7845 |   7560 |    285 |    174 |   5531 |  12 |  653.8 |
       Dungeon |   7042 |   6821 |    221 |    174 |   5050 |   9 |  782.4 |
        Temple |    179 |    116 |     63 |      0 |    108 |   1 |  179.0 |
          Lair |    117 |    117 |      0 |      0 |     72 |   1 |  117.0 |
        Bailey |    505 |    505 |      0 |      0 |    299 |   1 |  505.0 |
               +--------+--------+--------+--------+--------+-----+--------+

Top non-repeatable levels by time:
     D:5: 1354 daAuts
     D:8: 1085 daAuts
     D:4: 1020 daAuts
     D:2: 910 daAuts
     D:6: 842 daAuts
     D:1: 692 daAuts
     D:7: 617 daAuts
  Bailey: 505 daAuts
     D:3: 385 daAuts
  Temple: 179 daAuts
     D:9: 134 daAuts
  Lair:1: 117 daAuts
